 Dungeon Crawl Stone Soup version 0.21-a0-513-gdcb3f5e (webtiles) character file.

1167 Gerstahl the Skirmisher (level 8, -2/60 HPs)
             Began as a Demonspawn Gladiator on Dec 1, 2017.
             Was a Believer of Okawaru.
             Slain by a gnoll (5 damage)
             ... while paralysed by Grinder
             ... on level 6 of the Dungeon.
             The game lasted 00:12:02 (5841 turns).

Gerstahl the Skirmisher (Demonspawn Gladiator)      Turns: 5841, Time: 00:12:03

Health: -2/60      AC: 11    Str: 15    XL:     8   Next: 17%
Magic:  0/17       EV:  2    Int: 11    God:    Okawaru [**....]
Gold:   247        SH:  0    Dex: 17    Spells: 7/7 levels left

rFire    . . .     SeeInvis .   s - +0 short sword (elec)
rCold    . . .     Gourm    .   (no shield)
rNeg     + . .     Faith    .   v - +1 scale mail {rN+}
rPois    +         Spirit   +   c - +0 helmet
rElec    .         Reflect  .   (no cloak)
rCorr    .         Harm     .   o - +0 pair of gloves
MR       .....                  (no boots)
Stlth    ..........             (no amulet)
HPRegen  0.00/turn              u - ring of poison resistance
MPRegen  0.30/turn              w - ring of magical power

@: paralysed
A: slimy green scales 1, agile 1, frail 1, sense surroundings 1, powered by
death 2, inhibited regeneration, magic shield, magic regeneration
a: Heroism, Renounce Religion


You were on level 6 of the Dungeon.
You worshipped Okawaru.
Okawaru was pleased with you.
You were very hungry.

You visited 1 branch of the dungeon, and saw 6 of its levels.

You collected 247 gold pieces.

Inventory:

Hand Weapons
 a - a +1 rapier
 s - a +0 short sword of electrocution (weapon)
Missiles
 d - 2 throwing nets (quivered)
Armour
 c - a +0 helmet (worn)
 o - a +0 pair of gloves (worn)
 t - a +0 animal skin
 v - a +1 scale mail of positive energy (worn)
 G - a +0 buckler
Jewellery
 u - a ring of poison resistance (left hand)
 w - a ring of magical power (right hand)
 A - a +3 ring of strength {unknown}
 D - an uncursed amulet of rage
Scrolls
 b - a scroll of random uselessness {unknown}
 e - a scroll of enchant armour
 h - a scroll of immolation
 i - 2 scrolls of blinking
 j - a scroll of noise {unknown}
 k - a scroll of remove curse
 m - 10 scrolls of identify
 p - a scroll of enchant weapon
 q - a scroll of fear
 y - 2 scrolls of teleportation
 F - a scroll of amnesia {unknown}
Potions
 g - 2 potions of flight
 n - a potion of mutation
 r - a potion of magic
 x - a potion of brilliance {unknown}
 C - a potion of heal wounds {unknown}
Books
 B - a book of Air

   Spells                             Type                      Level
   a - Shock                          Conjuration/Air              1
   b - Swiftness                      Charms/Air                   2
   c - Static Discharge               Conjuration/Air              3
   d - Airstrike                      Air                          4
   e - Lightning Bolt                 Conjuration/Air              5
Comestibles
 f - 4 bread rations
 l - 4 meat rations
 z - a royal jelly
 E - 2 fruits


   Skills:
 + Level 7.1 Fighting
 + Level 6.8 Short Blades
 - Level 1.7 Throwing
 - Level 2.6 Dodging
 + Level 1.0 Shields


You had 7 spell levels left.
You didn't know any spells.

Dungeon Overview and Level Annotations

Branches:
Dungeon (6/15)             Temple (0/1) D:4

Altars:
Ashenzari
Dithmenos
Elyvilon
Fedhas
Hepliaklqana
Makhleb
Okawaru
Trog
Wu Jian

Annotations:
D:6 Grinder


Innate Abilities, Weirdness & Mutations

You are partially covered in slimy green scales. (AC +2)
You regenerate health from kills.
When hurt, damage is shared between your health and your magic reserves.
You regenerate magic rapidly.
You are agile. (Dex +2)
You are frail. (-10% HP)
You passively map a small area around you.
You do not regenerate when monsters are visible.


Message History

* * * LOW HITPOINT WARNING * * *
You hit Grinder.
Grinder is moderately wounded.
You hit Grinder but do no damage.
Grinder is moderately wounded.
The gnoll hits you but does no damage. Grinder gestures at you.
You suddenly lose the ability to move!
Grinder struggles against the net.
The crimson imp blinks!
The gnoll hits you with a spear of piercing.
* * * LOW HITPOINT WARNING * * *
Grinder struggles against the net.
The gnoll hits you but does no damage. x2
Grinder blinks!
The gnoll hits you with a spear of piercing.
* * * LOW HITPOINT WARNING * * *
x2 The gnoll hits you but does no damage.
The gnoll hits you with a spear of piercing!
* * * LOW HITPOINT WARNING * * *
The gnoll hits you.
You die...

#.##.##.# #.##.##.#
##+# #[##.##.# #...#
#.##.##.# *.....#
#.##.##.# * *
......######.......#
.......#...5......##
,, ,
.......gg.........#
, *
.g.....#@##...#...#
......##†##.......#
...!.#*#..........#
#...#* ####..####.#
, ##+# #..# * .# ,*
, #.... * ,* *#.###*
* ,* ,


You could see Grinder and 2 gnolls.

Vanquished Creatures
  A sky beast (D:5)
  An ogre (D:5)
  A gnoll sergeant (D:6)
  A bullfrog (D:6)
  3 scorpions
  A howler monkey (D:4)
  A jelly (D:5)
  A centaur skeleton (D:5)
  7 orc priests
  5 orc wizards
  An iguana (D:4)
  A worker ant (D:5)
  Robin (D:3)
  A gnoll (D:6)
  7 adders
  An ooze (D:2)
  An adder zombie (D:6)
  An adder skeleton (D:4)
  3 worms
  2 dart slugs (D:2)
  5 leopard geckos
  18 orcs
  3 giant cockroaches (D:3)
  19 goblins
  5 hobgoblins
  3 jackals (D:5)
  3 quokkas
  A ball python (D:2)
  A ball python skeleton (D:4)
  8 bats
  7 frilled lizards
  4 kobolds
  11 rats
129 creatures vanquished.

Notes
Turn   | Place    | Note
-------+----------+-------------------------------------------
     0 | D:1      | Gerstahl the Demonspawn Gladiator began the quest for the Orb.
     0 | D:1      | Reached XP level 1. HP: 16/16 MP: 1/1
   459 | D:1      | Gained mutation: When hurt, damage is shared between your health and your magic reserves. [demonic ancestry]
   459 | D:1      | Reached XP level 2. HP: 23/23 MP: 2/2
   780 | D:2      | Gained mutation: You are frail. (-10% HP) [potion of mutation]
   780 | D:2      | Gained mutation: You are agile. (Dex +2) [potion of mutation]
   901 | D:2      | Reached XP level 3. HP: 14/25 MP: 3/3
   904 | D:2      | Reached skill level 3 in Fighting
  1736 | D:2      | Reached XP level 4. HP: 30/31 MP: 4/4
  2184 | D:3      | Noticed Robin
  2623 | D:3      | Killed Robin
  2717 | D:3      | Gained mutation: You regenerate a little health from kills. [demonic ancestry]
  2717 | D:3      | Reached XP level 5. HP: 6/37 MP: 1/5
  3002 | D:3      | Reached skill level 4 in Fighting
  3477 | D:3      | Gained mutation: You are partially covered in slimy green scales. (AC +2) [demonic ancestry]
  3477 | D:3      | Reached XP level 6. HP: 15/44 MP: 5/6
  3653 | D:3      | Found an iron altar of Okawaru.
  3683 | D:3      | Reached skill level 5 in Short Blades
  3685 | D:3      | Reached skill level 5 in Fighting
  3692 | D:3      | Became a worshipper of Warmaster Okawaru
  3698 | D:3      | Found a shattered altar of Ashenzari.
  4053 | D:3      | Found a shadowy altar of Dithmenos.
  4234 | D:4      | Found a white marble altar of Elyvilon.
  4236 | D:4      | Gained mutation: You regenerate health from kills. [demonic ancestry]
  4236 | D:4      | Reached XP level 7. HP: 42/50 MP: 7/7
  4253 | D:4      | Reached * piety under Okawaru
  4318 | D:4      | Got a scorched scale mail
  4573 | D:4      | Found a staircase to the Ecumenical Temple.
  5020 | D:5      | Entered Level 5 of the Dungeon
  5030 | D:5      | Reached skill level 6 in Fighting
  5067 | D:5      | Gained mutation: You do not regenerate when monsters are visible. [mutagenic meat]
  5068 | D:5      | Gained mutation: You passively map a small area around you. [mutagenic meat]
  5154 | D:5      | Found a bloodstained altar of Trog.
  5157 | D:5      | Found a burning altar of Makhleb.
  5157 | D:5      | Found a hazy altar of Hepliaklqana.
  5159 | D:5      | Found an ornate altar of the Wu Jian Council.
  5179 | D:5      | Found a blossoming altar of Fedhas.
  5307 | D:5      | Reached ** piety under Okawaru
  5392 | D:5      | Gained mutation: You regenerate magic rapidly. [demonic ancestry]
  5392 | D:5      | Reached XP level 8. HP: 46/58 MP: 8/8
  5799 | D:6      | Noticed Grinder
  5800 | D:6      | Reached skill level 7 in Fighting
  5823 | D:6      | Reached skill level 1 in Shields
  5825 | D:6      | Paralysed by Grinder for 7 turns
  5836 | D:6      | Paralysed by Grinder for 6 turns
  5841 | D:6      | HP: 3/60 [gnoll/spear of piercing (5)]
  5841 | D:6      | Slain by a gnoll

Vault maps used:
D:1:      mushboom_english_gardens
D:3:      grunt_dithmenos_smoke, lemuel_doored_altar, okawaru_trees_1,
          uniq_robin
D:4:      elyvilon_altar_5, minmay_temple_entry_nine_rooms, first_bread,
          hangedman_decor_growths
D:5:      grunt_temple_overflow_open
D:6:      uniq_grinder

Skill      XL: |  1  2  3  4  5  6  7  8 |
---------------+-------------------------+-----
Short Blades   | 3 4 5 6 |  6.8
Fighting       | 3 4 5 6 7 |  7.1
Shields        | 1 |  1.0
Throwing       | |  1.7
Dodging        | |  2.6

Action                   |  1- 3 |  4- 6 |  7- 9 || total
-------------------------+-------+-------+-------++-------
Melee: Rapier            |   107 |    19 |       ||   126
       Short sword       |       |   270 |   137 ||   407
Throw: Throwing net      |     3 |     1 |     5 ||     9
  Use: Potion            |     5 |       |     1 ||     6
       Scroll            |       |       |     8 ||     8
 Stab: Sleeping          |       |     1 |       ||     1
       Held in net/web   |       |       |     1 ||     1
  Eat: Chunk             |     2 |     7 |     6 ||    15
       Royal jelly       |       |     1 |       ||     1
Armor: Leather armour    |    37 |    10 |       ||    47
       Animal skin       |       |    10 |       ||    10
       Scale mail        |       |    67 |    59 ||   126
Dodge: Dodged            |    81 |   116 |    55 ||   252

Table legend:
 A = Spawn XP
 B = Non-spawn XP
 C = Spawn XP percentage of total XP
 D = Spawn monster count
 E = Non-spawn monster count
 F = Spawn count percentage of total count
 G = Total turns spent on level
                    A         B        C        D         E        F      G
               +---------+---------+-------+---------+---------+-------+---------
         Total |       0 |    1668 |   0.0 |       0 |     129 |   0.0 |  5841
               +---------+---------+-------+---------+---------+-------+---------
           D:1 |       0 |      15 |   0.0 |       0 |      10 |   0.0 |   709
           D:2 |       0 |      92 |   0.0 |       0 |      27 |   0.0 |  1873
           D:3 |       0 |     507 |   0.0 |       0 |      62 |   0.0 |  1517
           D:4 |       0 |     308 |   0.0 |       0 |      11 |   0.0 |   921
           D:5 |       0 |     549 |   0.0 |       0 |      14 |   0.0 |   723
           D:6 |       0 |     197 |   0.0 |       0 |       5 |   0.0 |    98
               +---------+---------+-------+---------+---------+-------+---------
